 Dungeon Crawl Stone Soup version 0.25-a0-665-ga69d640 (webtiles) character file.

Game seed: 11286845155605193848, levelgen mode: deterministic

1397 Faca the Fighter (level 9, -12/74 HPs)
             Began as a Human Fighter on Mar 26, 2020.
             Mangled by a cyan ugly thing (17 damage)
             ... on level 6 of the Dungeon.
             The game lasted 00:13:14 (6545 turns).

Faca the Fighter (Human Fighter)                    Turns: 6545, Time: 00:13:15

Health: -12/74     AC: 12    Str: 20    XL:     9   Next: 0%
Magic:  9/9        EV:  5    Int:  8    God:
Gold:   158        SH:  9    Dex: 13    Spells: 8/8 levels left

rFire    . . .     SeeInvis .   a - +0 long sword
rCold    . . .     Gourm    +   c - +0 kite shield
rNeg     . . .     Faith    .   s - +0 chain mail
rPois    .         Spirit   .   h - +0 helmet
rElec    .         Reflect  .   (no cloak)
rCorr    +         Harm     .   e - +0 pair of gloves
MR       +....                  v - +0 pair of boots
Stlth    ..........             m - amulet of the gourmand
HPRegen  0.22/turn              i - ring of resist corrosion
MPRegen  0.11/turn              j - ring of protection from magic

@: about to teleport
A: no striking features
a: no special abilities


You were on level 6 of the Dungeon.
You were completely stuffed.

You visited 1 branch of the dungeon, and saw 6 of its levels.

You collected 241 gold pieces.
You spent 83 gold pieces at shops.

Inventory:

Hand Weapons
 a - a +0 long sword (weapon)
 b - a +2 dagger of holy wrath
Missiles
 n - 5 boomerangs (quivered)
Armour
 c - a +0 kite shield (worn)
 e - a +0 pair of gloves (worn)
 h - a +0 helmet (worn)
 s - a +0 chain mail (worn)
 v - a +0 pair of boots (worn)
Jewellery
 i - a ring of resist corrosion (left hand)
 j - a ring of protection from magic (right hand)
 m - an amulet of the gourmand (around neck)
 r - an uncursed ring of ice
Wands
 q - a wand of random effects (9)
Scrolls
 u - a scroll of identify
Potions
 d - 4 potions of cancellation
 k - 2 potions of lignification
 l - 2 potions of flight
 o - a potion of resistance
 x - a potion of mutation
Comestibles
 f - 13 rations


   Skills:
 + Level 8.0 Fighting
 + Level 7.6 Long Blades
 - Level 3.0 Armour
 - Level 3.0 Shields


You had 8 spell levels left.
You didn't know any spells.
Your spell library contained the following spells:

 Spells                   Type           Power        Failure   Level  Hunger
 Sandblast                Erth           #.....       100%        1    ##.....
 Passwall                 Tmut/Erth      #.......     100%        2    ###....
 Stone Arrow              Conj/Erth      #.....       100%        3    ####...
 Petrify                  Tmut/Erth      #.......     100%        4    #####..
 Irradiate                Conj/Tmut      #.........   100%        5    ######.
 Lee's Rapid Deconstruct  Erth           #.........   100%        5    ######.
 Hydra Form               Tmut           #.........   100%        6    #######
 Statue Form              Tmut/Erth      #........    100%        6    #######
 Dragon Form              Tmut           #.........   100%        7    #######


Dungeon Overview and Level Annotations

Branches:
Dungeon (6/15)
 Temple: D:4-7

Altars:
Nemelex Xobeh
The Shining One

Shops:
D:4 !   D:5 *


Message History

Press: ? - help, Shift-Dir - straight line, f/p - cyan ugly thing
Aim: a cyan ugly thing (fast)
The cyan ugly thing easily resists.
The cyan ugly thing trunk-slaps you. The cyan ugly thing shocks you!
The cyan ugly thing closely misses you.
Evoke which item? (* to show all) (? for menu, Esc to quit)
Aiming: Random Effects
Press: ? - help, Shift-Dir - straight line, f/p - cyan ugly thing
Aim: a cyan ugly thing (fast)
The puff of frost hits the cyan ugly thing.
The cyan ugly thing is lightly wounded.
The cyan ugly thing barely misses you. The cyan ugly thing trunk-slaps you!
The cyan ugly thing shocks you!
As you read the scroll of teleportation, it crumbles to dust.
You feel strangely unstable. The cyan ugly thing trunk-slaps you.
The cyan ugly thing shocks you!
* * * LOW HITPOINT WARNING * * *
The cyan ugly thing trunk-slaps you!
* * * LOW HITPOINT WARNING * * *
The cyan ugly thing shocks you!
You die...

##......###.#.....##...#...#....#
###......####....###...##.....#..
#.........#.......###.....<...#..
...............#..###.........≈≈≈
...............#...###.......≈≈≈≈
#.............###...##......≈≈###
####....................##..≈≈+
#.......###.....#.....#..≈≈#
........##...@u..........≈≈≈≈
............####.####.#...≈≈≈≈≈
..........#..##...†.##.#...≈≈###
........#..)....#.....≈≈+
#.....#.......#.....≈≈##
.........._..........≈≈≈
......#.......#.. ....
.....#.!.....#.##..#
.....##.....##.....#


You could see a cyan ugly thing.

Vanquished Creatures
  An ice beast (D:6)
  2 phantoms
  2 ogres
  A centaur (D:6)
  4 bullfrogs (D:6)
  An electric eel (D:6)
  A crimson imp (D:5)
  A jelly (D:6)
  A bullfrog skeleton (D:4)
  A hound (D:4)
  An orc priest (D:3)
  2 centaur skeletons
  An iguana (D:6)
  Ijyb (D:4)
  5 worker ants
  Robin (D:3)
  8 adders
  An adder skeleton (D:6)
  2 worms (D:2)
  A dart slug (D:1)
  A leopard gecko (D:2)
  15 orcs
  2 ball pythons (D:1)
  5 giant cockroaches
  19 goblins
  12 hobgoblins
  6 jackals
  3 quokkas
  10 bats
  5 frilled lizards
  5 kobolds
  A quokka skeleton (D:4)
  9 rats
131 creatures vanquished.

Notes
Turn   | Place    | Note
-------+----------+-------------------------------------------
     0 | D:1      | Faca the Human Fighter began the quest for the Orb.
     0 | D:1      | Reached XP level 1. HP: 18/18 MP: 1/1
   161 | D:1      | Reached XP level 2. HP: 12/24 MP: 2/2
   578 | D:1      | Reached XP level 3. HP: 24/29 MP: 3/3
  1201 | D:2      | Reached XP level 4. HP: 37/37 MP: 4/4
  1245 | D:2      | Reached skill level 4 in Fighting
  1743 | D:2      | Reached XP level 5. HP: 34/43 MP: 5/5
  2170 | D:3      | Noticed Robin
  2192 | D:3      | Killed Robin
  2500 | D:3      | Found a sparkling altar of Nemelex Xobeh.
  2993 | D:3      | Reached XP level 6. HP: 46/50 MP: 6/6
  3272 | D:3      | Reached skill level 5 in Fighting
  3289 | D:3      | Found a faded altar of an unknown god.
  3535 | D:4      | Found Enewicut's Distillery.
  3541 | D:4      | Bought a potion of degeneration for 14 gold pieces
  3791 | D:4      | Noticed Ijyb
  3815 | D:4      | Killed Ijyb
  3914 | D:4      | Noticed a phantom
  3970 | D:4      | Killed a phantom
  3970 | D:4      | Reached skill level 5 in Long Blades
  3970 | D:4      | Reached XP level 7. HP: 48/57 MP: 7/7
  4273 | D:5      | Entered Level 5 of the Dungeon
  4461 | D:5      | Reached skill level 6 in Fighting
  4952 | D:5      | Found Ecigiub's Assorted Antiques.
  4959 | D:5      | Bought a scroll labeled AZXECV BUDI for 24 gold pieces
  4959 | D:5      | Bought a black potion for 21 gold pieces
  4959 | D:5      | Bought a scroll labeled AKOTHR HEROTT for 24 gold pieces
  5174 | D:6      | Reached XP level 8. HP: 35/65 MP: 8/8
  5312 | D:6      | Noticed a cyan ugly thing
  5429 | D:6      | Found a glowing golden altar of the Shining One.
  5576 | D:6      | Reached skill level 7 in Fighting
  5640 | D:5      | HP: 2/67 [water moccasin (4)]
  6539 | D:6      | Reached skill level 8 in Fighting
  6539 | D:6      | Reached XP level 9. HP: 74/74 MP: 9/9
  6545 | D:6      | Mangled by a cyan ugly thing

Levels and vault maps discovered:
D:1:      matt_arrival_spirals, layout_basic, st_stairs_8
D:2:      layout_basic, minmay_fractal_squares_5
D:3:      layout_loops_corners, chequers_ecumenical_altar_twisty, first_ration,
          nemelex_diamond_rough_becter, uniq_robin
D:4:      layout_loops_ring, serial_shops, shop_statue, uniq_ijyb
D:5:      layout_basic, serial_shops, shop_fountains
D:6:      minmay_opposing_rooms, layout_cave_pools, old_standard_altar,
          nicolae_ossuary_entry_ruins, water_boxes_lemuel

Skill      XL: |  1  2  3  4  5  6  7  8 |
---------------+-------------------------+-----
Long Blades    | 3 4 5 6 7 |  7.6
Fighting       | 4 5 6 8 |  8.0
Armour         | |  3.0
Shields        | |  3.0

Action                   |  1- 3 |  4- 6 |  7- 9 || total
-------------------------+-------+-------+-------++-------
Melee: Long sword        |   131 |   272 |   223 ||   626
Throw: Boomerang         |       |       |     4 ||     4
Evoke: Wand              |       |       |     6 ||     6
  Use: Scroll            |     2 |    10 |    11 ||    23
       Potion            |       |     2 |     2 ||     4
  Eat: Chunk             |     1 |    18 |     9 ||    28
Armor: Scale mail        |    65 |   135 |     2 ||   202
       Chain mail        |       |       |   137 ||   137
Dodge: Dodged            |    36 |    79 |    54 ||   169
Block: Kite shield       |    66 |   141 |   149 ||   356
       Rpst.: Long sword |     9 |    18 |    19 ||    46

Table legend:
 A = Non-vault XP
 B = Vault XP
 C = Vault XP percentage of total XP
 D = Non-vault monster count
 E = Vault monster count
 F = Vault count percentage of total count
                 A         B        C        D         E       F
            +---------+---------+-------+---------+---------+-------
      Total |    1530 |     466 |  23.3 |     105 |      26 |  19.8
            +---------+---------+-------+---------+---------+-------
        D:1 |      51 |       2 |   3.8 |      31 |       1 |   3.1
        D:2 |      77 |      24 |  23.8 |      21 |       6 |  22.2
        D:3 |     127 |      38 |  23.0 |      14 |      13 |  48.1
        D:4 |     303 |      36 |  10.6 |      11 |       1 |   8.3
        D:5 |     234 |       0 |   0.0 |      11 |       0 |   0.0
        D:6 |     738 |     366 |  33.2 |      17 |       5 |  22.7
            +---------+---------+-------+---------+---------+-------
